TOP OF THE 1ST |
---|
Texas A&M Aggies batting - Pitching for South Florida Bulls : RHP Clifford Sullivan | Pitching: RHP Clifford Sullivan | | Batting: RHB Daniel Pineda | 0-0: Ball 1-0: Called Strike 1-1: Foul Ball, location: 2F 1-2: Strikes out swinging | Batting: RHB Luis García | 0-0: Ball 1-0: Fly out, F9 (Flyball, 89D) | Batting: RHB Júlio Hobbs | 0-0: Ball 1-0: Swinging Strike 1-1: Ball 2-1: Called Strike 2-2: Foul Ball, location: 2F 2-2: Ball 3-2: Base on Balls | Batting: RHB Arthur Wilson | 0-0: Called Strike 0-1: Swinging Strike 0-2: Strikes out swinging | Top of the 1st over - 0 runs, 0 hits, 0 errors, 1 left on base; Texas A&M 0 - South Florida 0 | BOTTOM OF THE 1ST |
---|
South Florida Bulls batting - Pitching for Texas A&M Aggies : RHP Johnny Jacobs | Pitching: RHP Johnny Jacobs | | Batting: LHB Roland Nelson | 0-0: Ball 1-0: Called Strike 1-1: Ball 2-1: Ball 3-1: Base on Balls | Batting: RHB Brian Jones | 0-0: SINGLE (Line Drive, 7LM) Roland Nelson to second | Batting: LHB Don Glassman | 0-0: Ball 1-0: Ball 2-0: Foul Ball, location: 2F 2-1: Foul Ball, location: 2F 2-2: Fielders Choice at 2nd, 1-6 (Groundball, 13) Roland Nelson to third | Batting: RHB Ronnie Rogers | Balk! Roland Nelson scores Don Glassman to second 0-0: Ball 1-0: Ground out 4-3 (Groundball, 4) Don Glassman to third | Batting: RHB Cisco Velasco | 0-0: Ball 1-0: Called Strike 1-1: Ball 2-1: Ball 3-1: Base on Balls | Batting: RHB Jordan Ashby | 0-0: SINGLE (Line Drive, 7S) Don Glassman scores Cisco Velasco to second | Batting: RHB Keith Olson | 0-0: Called Strike 0-1: Ball 1-1: SINGLE (Groundball, 6MD) Cisco Velasco to third Jordan Ashby to second Runner from 3rd tries for Home, SAFE, no throw | Batting: RHB Mike Smith | 0-0: Fielders Choice at 2nd, 5-4 (Groundball, 56) | Bottom of the 1st over - 3 runs, 3 hits, 0 errors, 2 left on base; Texas A&M 0 - South Florida 3 | TOP OF THE 2ND |
---|
Texas A&M Aggies batting - Pitching for South Florida Bulls : RHP Clifford Sullivan | Batting: RHB Anthony Graham | 0-0: Swinging Strike 0-1: Ball 1-1: Called Strike 1-2: Ball 2-2: Foul Ball, location: 2F 2-2: Strikes out swinging | Batting: RHB Greg Marshall | 0-0: Swinging Strike 0-1: Ball 1-1: Foul Ball, location: 2F 1-2: Strikes out looking | Batting: SHB Orlando Ortíz | 0-0: Called Strike 0-1: Ball 1-1: Foul Ball, location: 2F 1-2: Strikes out swinging | Top of the 2nd over - 0 runs, 0 hits, 0 errors, 0 left on base; Texas A&M 0 - South Florida 3 | BOTTOM OF THE 2ND |
---|
South Florida Bulls batting - Pitching for Texas A&M Aggies : RHP Johnny Jacobs | Batting: LHB Ramiro Valdés | 0-0: Fly out, F8 (Flyball, 8LM) | Batting: LHB Roland Nelson | 0-0: Called Strike 0-1: Ball 1-1: Ball 2-1: SINGLE (Groundball, 34D) | Batting: RHB Brian Jones | 0-0: Ball 1-0: Ball 2-0: Called Strike 2-1: Foul Ball, location: 2F 2-2: Foul Ball, location: 2F 2-2: Fielders Choice at 2nd, 1-6 (Groundball, P) | Batting: LHB Don Glassman | 0-0: Foul Ball, location: 2F 0-1: Called Strike 0-2: Ball 1-2: Ball 2-2: Foul Ball, location: 2F 2-2: Foul Ball, location: 2F 2-2: Foul Ball, location: 2F 2-2: Ground out U3 (Groundball, 34) | Bottom of the 2nd over - 0 runs, 1 hit, 0 errors, 1 left on base; Texas A&M 0 - South Florida 3 | TOP OF THE 3RD |
---|
Texas A&M Aggies batting - Pitching for South Florida Bulls : RHP Clifford Sullivan | Batting: RHB Randy Akers | 0-0: Called Strike 0-1: Ball 1-1: Fly out, F8 (Flyball, 78M) | Batting: RHB Jack Gillespie | 0-0: Fly out, F9 (Flyball, 89M) | Batting: RHB Daniel Pineda | 0-0: Called Strike 0-1: Ball 1-1: Ball 2-1: SINGLE (Line Drive, 34) | Batting: RHB Luis García | 0-0: Ball 1-0: Foul Ball, location: 2F 1-1: Ball 2-1: Called Strike 2-2: SINGLE (Groundball, 56D) Daniel Pineda to second | Batting: RHB Júlio Hobbs | 0-0: Ball 1-0: Foul Ball, location: 2F 1-1: Ball 2-1: Fly out, F9 (Flyball, 9LS) | Top of the 3rd over - 0 runs, 2 hits, 0 errors, 2 left on base; Texas A&M 0 - South Florida 3 | BOTTOM OF THE 3RD |
---|
South Florida Bulls batting - Pitching for Texas A&M Aggies : RHP Johnny Jacobs | Batting: RHB Ronnie Rogers | 0-0: Ball 1-0: Called Strike 1-1: Called Strike 1-2: Strikes out swinging | Batting: RHB Cisco Velasco | 0-0: Foul Ball, location: 2F 0-1: Called Strike 0-2: Ball 1-2: Foul Ball, location: 2F 1-2: Fly out, F9 (Flyball, 9LM) | Batting: RHB Jordan Ashby | 0-0: Called Strike 0-1: Foul Ball, location: 2F 0-2: Ball 1-2: Foul Ball, location: 2F 1-2: Ball 2-2: Ball 3-2: Base on Balls | Batting: RHB Keith Olson | 0-0: Ball 1-0: Ball 2-0: Ball 3-0: Called Strike 3-1: Base on Balls Jordan Ashby to second | Batting: RHB Mike Smith | 0-0: Foul Ball, location: 2F 0-1: Ball 1-1: Ball 2-1: Called Strike 2-2: SINGLE (Groundball, 5S) (infield hit) Jordan Ashby to third Keith Olson to second | Batting: LHB Ramiro Valdés | 0-0: Ball 1-0: Swinging Strike 1-1: Ground out 4-3 (Groundball, 4) | Bottom of the 3rd over - 0 runs, 1 hit, 0 errors, 3 left on base; Texas A&M 0 - South Florida 3 | TOP OF THE 4TH |
---|
Texas A&M Aggies batting - Pitching for South Florida Bulls : RHP Clifford Sullivan | Batting: RHB Arthur Wilson | 0-0: Ground out 5-3 (Groundball, 56) | Batting: RHB Anthony Graham | 0-0: Ball 1-0: Ground out 5-3 (Groundball, 5) | Batting: RHB Greg Marshall | 0-0: Called Strike 0-1: Ball 1-1: Swinging Strike 1-2: Ball 2-2: Foul Ball, location: 2F 2-2: Ball 3-2: Foul Ball, location: 2F 3-2: Base on Balls | Batting: SHB Orlando Ortíz | 0-0: Ball 1-0: Called Strike 1-1: Ball 2-1: Ball 3-1: Base on Balls Greg Marshall to second | Batting: RHB Randy Akers | 0-0: Called Strike 0-1: Ball 1-1: Fly out, F8 (Flyball, 8RD) | Top of the 4th over - 0 runs, 0 hits, 0 errors, 2 left on base; Texas A&M 0 - South Florida 3 | BOTTOM OF THE 4TH |
---|
South Florida Bulls batting - Pitching for Texas A&M Aggies : RHP Johnny Jacobs | Batting: LHB Roland Nelson | 0-0: Called Strike 0-1: Fly out, F3 (Line Drive, 34) | Batting: RHB Brian Jones | 0-0: Foul Ball, location: 2F 0-1: Ground out 6-3 (Groundball, 6) | Batting: LHB Don Glassman | 0-0: Ground out U3 (Groundball, 3) | Bottom of the 4th over - 0 runs, 0 hits, 0 errors, 0 left on base; Texas A&M 0 - South Florida 3 | TOP OF THE 5TH |
---|
Texas A&M Aggies batting - Pitching for South Florida Bulls : RHP Clifford Sullivan | Batting: RHB Jack Gillespie | 0-0: Foul Ball, location: 2F 0-1: Ball 1-1: Foul Ball, location: 2F 1-2: Foul Ball, location: 2F 1-2: Foul Ball, location: 2F 1-2: Foul Ball, location: 2F 1-2: Foul Ball, location: 2F 1-2: Fly out, F7 (Line Drive, 78D) | Batting: RHB Daniel Pineda | 0-0: Ground out 6-3 (Groundball, 6) | Batting: RHB Luis García | 0-0: Ball 1-0: Ball 2-0: Called Strike 2-1: Foul Ball, location: 2F 2-2: Foul Ball, location: 2F 2-2: Ball 3-2: Base on Balls | Pitching: RHP William Jones | | Batting: RHB Júlio Hobbs | 0-0: Ball 1-0: Ground out 2-3 (Groundball, 15S) | Top of the 5th over - 0 runs, 0 hits, 0 errors, 1 left on base; Texas A&M 0 - South Florida 3 | BOTTOM OF THE 5TH |
---|
South Florida Bulls batting - Pitching for Texas A&M Aggies : RHP Johnny Jacobs | Batting: RHB Ronnie Rogers | 0-0: Swinging Strike 0-1: Ground out 5-3 (Groundball, 56S) | Batting: RHB Cisco Velasco | 0-0: Ball 1-0: Called Strike 1-1: Ball 2-1: Swinging Strike 2-2: Strikes out swinging | Batting: RHB Jordan Ashby | 0-0: Ball 1-0: Foul Ball, location: 2F 1-1: Ball 2-1: Ball 3-1: Called Strike 3-2: Base on Balls | Pitching: LHP Tommy Henderson | | Batting: RHB Keith Olson | 0-0: Ball 1-0: Ball 2-0: Called Strike 2-1: Ball 3-1: Swinging Strike 3-2: Base on Balls Jordan Ashby to second | Batting: RHB Mike Smith | 0-0: Ball 1-0: Ball 2-0: Fly out, F8 (Flyball, 8RS) | Bottom of the 5th over - 0 runs, 0 hits, 0 errors, 2 left on base; Texas A&M 0 - South Florida 3 | TOP OF THE 6TH |
---|
Texas A&M Aggies batting - Pitching for South Florida Bulls : RHP William Jones | Batting: RHB Arthur Wilson | 0-0: Called Strike 0-1: Ball 1-1: Ball 2-1: Called Strike 2-2: Ball 3-2: Ground out 6-3 (Groundball, 6) | Batting: RHB Anthony Graham | 0-0: Foul Ball, location: 2F 0-1: Ball 1-1: Ball 2-1: Ground out 6-3 (Groundball, 6) | Batting: RHB Greg Marshall | 0-0: Ball 1-0: SOLO HOME RUN (Flyball, 7D), Distance : 344 ft | Batting: SHB Orlando Ortíz | 0-0: Called Strike 0-1: SOLO HOME RUN (Line Drive, 7D), Distance : 353 ft | Pitching: RHP Earl Garza | | Batting: RHB Randy Akers | 0-0: Ball 1-0: Ball 2-0: Fly out, F8 (Flyball, 8RD) | Top of the 6th over - 2 runs, 2 hits, 0 errors, 0 left on base; Texas A&M 2 - South Florida 3 | BOTTOM OF THE 6TH |
---|
South Florida Bulls batting - Pitching for Texas A&M Aggies : LHP Tommy Henderson | Batting: LHB Ramiro Valdés | 0-0: Called Strike 0-1: Ball 1-1: Foul Ball, location: 2F 1-2: Ball 2-2: Strikes out swinging | Batting: LHB Roland Nelson | 0-0: Ball 1-0: SINGLE (Groundball, 34D) | Batting: RHB Brian Jones | 0-0: Ball Wild Pitch! Roland Nelson to second 1-0: Intentional Walk | Batting: LHB Don Glassman | 0-0: Ball Roland Nelson steals 3rd base 1-0: Ball Wild Pitch! Roland Nelson scores Brian Jones to second 2-0: Ball 3-0: Base on Balls | Batting: RHB Ronnie Rogers | 0-0: Ball 1-0: Called Strike 1-1: Ball 2-1: Ball 3-1: Base on Balls Brian Jones to third Don Glassman to second | Batting: RHB Cisco Velasco | 0-0: Ball 1-0: Ball 2-0: Ball 3-0: Swinging Strike 3-1: Fly out, F8 (Flyball, 8RS) Runner from 3rd tags up, SCORES, no throw | Pitching: RHP Rickey Andrews | | Batting: RHB Jordan Ashby | 0-0: Called Strike 0-1: DOUBLE (Line Drive, 7LM) Don Glassman scores Ronnie Rogers to third Runner from 3rd tries for Home, SAFE, no throw | Batting: RHB Keith Olson | 0-0: Ball 1-0: Foul Ball, location: 2F 1-1: Called Strike 1-2: Strikes out swinging | Bottom of the 6th over - 4 runs, 2 hits, 0 errors, 1 left on base; Texas A&M 2 - South Florida 7 | TOP OF THE 7TH |
---|
Texas A&M Aggies batting - Pitching for South Florida Bulls : RHP Earl Garza | Batting: RHB Jack Gillespie | 0-0: Ball 1-0: Ball 2-0: Called Strike 2-1: SINGLE (Groundball, 4MD) | Batting: RHB Daniel Pineda | 0-0: SINGLE (Line Drive, 9S) Jack Gillespie to second | Batting: RHB Luis García | 0-0: Fly out, F3 (Popup, 3F) | Batting: RHB Júlio Hobbs | 0-0: Ball 1-0: Ball 2-0: Grounds into double play, 6-4-3 (Groundball, 6) | Top of the 7th over - 0 runs, 2 hits, 0 errors, 1 left on base; Texas A&M 2 - South Florida 7 | BOTTOM OF THE 7TH |
---|
South Florida Bulls batting - Pitching for Texas A&M Aggies : RHP Rickey Andrews | Batting: RHB Mike Smith | 0-0: Ball 1-0: Swinging Strike 1-1: Foul Ball, location: 2F 1-2: Ball 2-2: Foul Ball, location: 2F 2-2: Ground out 6-3 (Groundball, 6M) | Batting: LHB Ramiro Valdés | 0-0: Called Strike 0-1: Fly out, F8 (Flyball, 8LM) | Batting: LHB Roland Nelson | 0-0: Ball 1-0: Swinging Strike 1-1: Reached on error, E4 (Groundball, 34D) | Batting: RHB Brian Jones | 0-0: Foul Ball, location: 2F 0-1: Ball 1-1: Fly out, F8 (Flyball, 8RM) | Bottom of the 7th over - 0 runs, 0 hits, 1 error, 1 left on base; Texas A&M 2 - South Florida 7 | TOP OF THE 8TH |
---|
Texas A&M Aggies batting - Pitching for South Florida Bulls : RHP Earl Garza | Batting: RHB Arthur Wilson | 0-0: SOLO HOME RUN (Flyball, 7LD), Distance : 312 ft | Batting: RHB Anthony Graham | 0-0: Ground out 5-3 (Groundball, 56) | Batting: RHB Greg Marshall | 0-0: Swinging Strike 0-1: Ball 1-1: Ball 2-1: Fly out, F9 (Flyball, 89M) | Batting: SHB Orlando Ortíz | 0-0: Ball 1-0: Ball 2-0: Ball 3-0: Base on Balls | Batting: RHB Randy Akers | 0-0: Called Strike 0-1: Ball 1-1: Ball 2-1: Foul Ball, location: 2F 2-2: Foul Ball, location: 2F 2-2: Foul Ball, location: 2F 2-2: Ground out 5-3 (Groundball, 56S) | Top of the 8th over - 1 run, 1 hit, 0 errors, 1 left on base; Texas A&M 3 - South Florida 7 | BOTTOM OF THE 8TH |
---|
South Florida Bulls batting - Pitching for Texas A&M Aggies : RHP Rickey Andrews | Batting: LHB Don Glassman | 0-0: Called Strike 0-1: Ball 1-1: Ball 2-1: Foul Ball, location: 2F 2-2: Fly out, F9 (Flyball, 9S) | Batting: RHB Ronnie Rogers | 0-0: Ball 1-0: Ball 2-0: Ball 3-0: Swinging Strike 3-1: Foul Ball, location: 2F 3-2: Base on Balls | Batting: RHB Cisco Velasco | 0-0: Ball 1-0: Ball 2-0: Swinging Strike 2-1: Called Strike 2-2: Foul Ball, location: 2F 2-2: Foul Ball, location: 2F 2-2: Foul Ball, location: 2F 2-2: Foul Ball, location: 2F 2-2: Strikes out swinging | Batting: RHB Jordan Ashby | 0-0: Called Strike 0-1: Fly out, F8 (Flyball, 78S) | Bottom of the 8th over - 0 runs, 0 hits, 0 errors, 1 left on base; Texas A&M 3 - South Florida 7 | TOP OF THE 9TH |
---|
Texas A&M Aggies batting - Pitching for South Florida Bulls : RHP Earl Garza | Batting: RHB Jack Gillespie | 0-0: Ground out U3 (Groundball, 3) | Batting: RHB Daniel Pineda | 0-0: Called Strike 0-1: Fly out, F6 (Line Drive, 6) | Batting: RHB Luis García | 0-0: Foul Ball, location: 2F 0-1: Foul Ball, location: 2F 0-2: Foul Ball, location: 2F 0-2: Ball 1-2: Foul Ball, location: 2F 1-2: Ground out 5-3 (Groundball, 56S) | Top of the 9th over - 0 runs, 0 hits, 0 errors, 0 left on base; Texas A&M 3 - South Florida 7 | |